 Dungeon Crawl Stone Soup version 0.22-a0-815-gb582571 (webtiles) character file.

35 inc the Ogre Mage (level 3, 0/31 HPs)
             Began as an Ogre Wizard on July 23, 2018.
             Succumbed to an adder's poison
             ... on level 2 of the Dungeon.
             The game lasted 00:02:21 (1306 turns).

inc the Ogre Mage (Ogre Wizard)                     Turns: 1306, Time: 00:02:21

Health: 0/31       AC:  3    Str: 11    XL:     3   Next: 33%
Magic:  0/8        EV: 10    Int: 20    God:
Gold:   91         SH:  0    Dex:  7    Spells: 0/9 levels left

rFire    . . .     SeeInvis .   c - +0 club
rCold    . . .     Gourm    .   (no shield)
rNeg     . . .     Faith    .   a - +0 robe
rPois    .         Spirit   .   b - +0 hat
rElec    .         Reflect  .   (no cloak)
rCorr    .         Harm     .   (gloves unavailable)
MR       .....                  (boots unavailable)
Stlth    +.........             (no amulet)
HPRegen  0.10/turn              (no ring)
MPRegen  0.11/turn              (no ring)

@: lethally poisoned (0 -> -10), flying, very slightly contaminated, hasted,
very quick
A: large, unfitting armour, tough skin 1
a: no special abilities


You were on level 2 of the Dungeon.
You were very hungry.

You visited 1 branch of the dungeon, and saw 2 of its levels.

You collected 91 gold pieces.

Inventory:

Hand Weapons
 c - a +0 club (weapon)
Missiles
 k - 3 large rocks (quivered)
Armour
 a - a +0 robe (worn)
 b - a +0 hat (worn)
Scrolls
 g - a scroll of enchant armour {unknown}
 j - 2 scrolls of teleportation {unknown}
 l - a scroll of identify {unknown}
Potions
 f - a potion of agility {unknown}
 h - a potion of resistance {unknown}
 i - 2 potions of haste
Comestibles
 d - 2 rations


   Skills:
 - Level 1.7 Dodging
 - Level 1.4 Stealth
 - Level 3.6 Spellcasting
 + Level 2.9 Conjurations
   Level 0.8 Summonings
 - Level 0.8 Translocations


You couldn't memorise any spells.
You knew the following spells:

 Your Spells              Type           Power        Failure   Level  Hunger
a - Magic Dart            Conj           ###.         4%          1    None
b - Conjure Flame         Conj/Fire      #.......     22%         3    ###....
c - Mephitic Cloud        Conj/Pois/Air  #.......     26%         3    ###....
j - Blink                 Tloc           N/A          14%         2    ##.....

Your spell library contained the following spells:

 Spells                   Type           Power        Failure   Level  Hunger
 Slow                     Hex            #.......     21%         2    ##.....
 Call Imp                 Summ           #.......     14%         2    ##.....


Dungeon Overview and Level Annotations

Branches:
Dungeon (2/15)

Altars:
The Shining One

Annotations:
D:2 Sigmund


Innate Abilities, Weirdness & Mutations

You are too large for most types of armour.
You have tough skin. (AC +1)


Message History

The adder bites you but does no damage.
Casting: Magic Dart (safe; 4% risk of failure)
Confirm with . or Enter, or press ? or * to list all spells.
You don't have enough magic to cast that spell.
You miss the adder.
The adder is severely wounded.
The adder bites you.
* * * LOW HITPOINT WARNING * * *
You are lethally poisoned!
The adder poisons you!
It was a potion of haste.
You feel yourself speed up.
* * * LOW HITPOINT WARNING * * *
You feel sick. The adder bites you.
* * * LOW HITPOINT WARNING * * *
The adder bites you.
* * * LOW HITPOINT WARNING * * *
It was a potion of flight.
You feel very buoyant.
You fly up into the air.
You die...

. ##...##.........$ . .
+.....##..###.### ..#.
.......##...#.# ...##
..._... ###...# .##...#
.......##...###
.......##.....##..######
........##...##..........
(....#..## ##..#########
.......S@.###....#
......###..#..##.# ......
#..#.## .# .%.s. ##....#
.# ?.### ##..$# .# .
#...##.# #...># ##.#.#
#.#.#


You could see an adder.

Vanquished Creatures
  2 leopard geckos (D:1)
  4 bats (D:1)
  3 giant cockroaches
  4 goblins
  6 hobgoblins
  3 frilled lizards (D:1)
  4 kobolds (D:1)
  5 rats (D:1)
31 creatures vanquished.

Notes
Turn   | Place    | Note
-------+----------+-------------------------------------------
     0 | D:1      | inc the Ogre Wizard began the quest for the Orb.
     0 | D:1      | Reached XP level 1. HP: 16/16 MP: 5/5
    15 | D:1      | Reached skill level 1 in Conjurations
   141 | D:1      | Reached XP level 2. HP: 18/24 MP: 1/6
   659 | D:1      | Reached XP level 3. HP: 31/31 MP: 5/8
  1145 | D:2      | Noticed Sigmund
  1230 | D:1      | Learned a level 3 spell: Conjure Flame
  1234 | D:1      | Learned a level 3 spell: Mephitic Cloud
  1237 | D:1      | Learned a level 2 spell: Blink
  1260 | D:2      | Found a glowing golden altar of the Shining One.
  1305 | D:2      | HP: 1/31 [adder (2)]
  1306 | D:2      | Succumbed to an adder's poison

Vault maps used:
D:1:      kilobyte_arrival_exit_the_forest, minmay_pentomino_v4
D:2:      lemuel_doored_altar, tso_metal_star, first_ration,
          minmay_misc_feat_chi, uniq_crazy_yiuf_cottage, uniq_sigmund

Skill      XL: |  1  2 |
---------------+-------+-----
Conjurations   | 1 2 |  2.9
Dodging        | |  1.7
Stealth        | |  1.4
Spellcasting   | |  3.6
Summonings     | |  0.8
Translocations | |  0.8

Action                   || total
-------------------------++-------
Melee: Club              ||    35
       Unarmed           ||     2
 Cast: Magic Dart        ||    70
       Mephitic Cloud    ||     1
  Use: Potion            ||     2
Armor: Robe              ||    16
Dodge: Dodged            ||    28

Table legend:
 A = Spawn XP
 B = Non-spawn XP
 C = Spawn XP percentage of total XP
 D = Spawn monster count
 E = Non-spawn monster count
 F = Spawn count percentage of total count
 G = Total turns spent on level
                    A         B        C        D         E        F      G
               +---------+---------+-------+---------+---------+-------+---------
         Total |       0 |      50 |   0.0 |       0 |      31 |   0.0 |  1306
               +---------+---------+-------+---------+---------+-------+---------
           D:1 |       0 |      45 |   0.0 |       0 |      28 |   0.0 |  1229
           D:2 |       0 |       5 |   0.0 |       0 |       3 |   0.0 |    77
               +---------+---------+-------+---------+---------+-------+---------
